 Dungeon Crawl Stone Soup version 0.31-a0-640-g39d97e502b (webtiles) character file.

Game seed: 8685256910883748951

36 GordonOverkill the Sneak (level 3, -1/20 HPs)
             Began as a Vine Stalker Delver on Aug 28, 2023.
             Was an Initiate of Okawaru.
             Slain by a gnoll
             ... wielding a +0 whip
              (3 damage)
             ... on level 4 of the Dungeon.
             The game lasted 00:02:00 (713 turns).

GordonOverkill the Sneak (Vine Stalker Delver)       Turns: 713, Time: 00:02:01

Health: -1/20      AC:  8    Str: 16    XL:     3   Next: 37%
Magic:  0/5        EV:  7    Int: 10    God:    Okawaru [......]
Gold:   24         SH:  0    Dex: 15    Spells: 2/2 levels left

rFire   . .          .
                       - Unarmed
rCold   . . .        (no shield)
rNeg    . . .        l - +0 chain mail
rPois   .            (no helmet)
rElec   .            (no cloak)
rCorr   .            (no gloves)
SInv    .            (no boots)
Will    .....        (no amulet)
Stlth   +            (no ring)
HPRegen 0.23/turn    (no ring)
MPRegen 0.09/turn

%: guardian spirit
@: hasted and slowed
A: fangs 2, magic shield, antimagic bite, no potion heal 2
a: Renounce Religion


You were on level 4 of the Dungeon.
You worshipped Okawaru.
Okawaru was noncommittal.
You visited 2 branches of the dungeon, and saw 5 of its levels.

You collected 24 gold pieces.

Inventory:

Missiles
 k - a throwing net
Armour
 l - a +0 chain mail (worn)
Wands
 f - a wand of digging (3)
 h - a wand of flame (15)
Scrolls
 b - a scroll of fog
 c - a scroll of revelation
 d - a scroll of fear
 g - 2 scrolls of identify {unknown}
 i - a scroll of teleportation {unknown}
Potions
 e - a potion of haste
 j - a potion of heal wounds {unknown}


   Skills:
 + Level 3.1 Fighting
 - Level 1.5 Dodging
 - Level 6.0 Stealth
 + Level 2.6 Unarmed Combat
 + Level 1.4 Invocations


You had 2 spell levels left.
You didn't know any spells.
Your spell library contained the following spells:

 Spells                   Type           Power      Damage    Failure   Level
 Necrotise                Necr           0%         1d4       99%         1
 Portal Projectile        Hex/Tloc       0%         N/A       100%        3
 Vampiric Draining        Necr           0%         2d6       100%        3
 Iskenderun's Mystic Bla  Conj/Tloc      0%         2d3       100%        4
 Agony                    Necr           0%         N/A       100%        5
 Tukima's Dance           Hex            Unusable   N/A       N/A         3

Dungeon Overview and Level Annotations

Branches:
Dungeon (6/15)             Temple (1/1) D:5

Altars:
Ashenzari
Cheibriados
Dithmenos
Elyvilon
Fedhas
Gozag
Hepliaklqana
Makhleb
Okawaru
Uskayaw
Vehumet
Wu Jian
Xom
Zin
The Shining One

Annotations:
D:3 Natasha
D:4 exclusion: ice beast
D:5 Edmund


Innate Abilities, Weirdness & Mutations

You have extremely sharp teeth.
When hurt, damage is shared between your health and your magic reserves.
Your bite disrupts and absorbs the magic of your enemies.
Potions cannot restore your health.


Message History

The cerulean imp hits you but does no damage.
There is a stone staircase leading down here.
The gnoll hits you with a +0 whip.
Natasha howls an incantation.
Natasha glows brightly for a moment.
Natasha casts a spell at you.
You feel yourself slow down.
The cerulean imp hits you from afar with a +1 spear.
* * * LOW HITPOINT WARNING * * *
You climb downwards.
Level annotation: exclusion: ice beast
There is a stone staircase leading up here.
You barely miss the gnoll. Your bite misses the gnoll.
The gnoll is lightly wounded.
The gnoll closely misses you.
You hit the gnoll but do no damage.
The gnoll is lightly wounded.
The gnoll hits you with a +0 whip.
* * * LOW HITPOINT WARNING * * *
You closely miss the gnoll.
The gnoll is lightly wounded.
The gnoll barely misses you. The gnoll hits you with a +0 whip.
* * * LOW HITPOINT WARNING * * *
You hit the gnoll but do no damage.
The gnoll is lightly wounded.
The gnoll hits you with a +0 whip.
* * * LOW HITPOINT WARNING * * *
You feel yourself speed up. The gnoll hits you but does no damage.
The gnoll barely misses you.
You closely miss the gnoll. Your bite misses the gnoll.
The gnoll is lightly wounded.
The gnoll hits you with a +0 whip.
* * * LOW HITPOINT WARNING * * *
You hit the gnoll. You bite the gnoll, but do no damage.
The gnoll is lightly wounded.
The gnoll barely misses you.
You hit the gnoll but do no damage. Your punch misses the gnoll.
The gnoll is lightly wounded.
The gnoll hits you with a +0 whip.
You die...

##..# #.# ##.#######
#.######
#.......####.......
###########....+.......
#...........>###.......
##...................
#....................
#........)...........
#...@.......)........
#....g...............
#....................
#.....[.......#######
#.............#
#...........(.#
##............#
#............#
#####+###


You could see a gnoll.

Vanquished Creatures
  A gnoll (D:3)
  An adder (D:4)
  A worm (D:3)
  An orc (D:4)
  2 giant cockroaches (D:4)
  2 goblins
  2 hobgoblins (D:4)
  2 bats (D:3)
  2 kobolds
14 creatures vanquished.

Notes
Turn   | Place    | Note
-------+----------+-------------------------------------------
     0 | D:5      | GordonOverkill the Vine Stalker Delver began the quest for
                  | the Orb.
     0 | D:5      | Reached XP level 1. HP: 11/11 MP: 2/2
    15 | D:5      | Noticed Edmund
    42 | D:5      | Found a staircase to the Ecumenical Temple.
    50 | Temple   | Entered the Ecumenical Temple
    68 | Temple   | Became a worshipper of Warmaster Okawaru
   284 | D:4      | Reached skill level 1 in Invocations
   284 | D:4      | Reached XP level 2. HP: 16/16 MP: 3/3
   346 | D:4      | Noticed an ice beast
   612 | D:3      | Reached XP level 3. HP: 15/20 MP: 2/4
   694 | D:3      | Noticed Natasha
   711 | D:4      | HP: 1/20 [gnoll/+0 whip (5)]
   713 | D:4      | Slain by a gnoll

Illustrated notes

Levels and vault maps discovered:
D:3:      layout_rooms, uniq_terence, uniq_sigmund, uniq_robin, uniq_natasha
D:4:      layout_basic
D:5:      lemuel_ratsnest, layout_rooms, grunt_temple_overflow_cloverleaf,
          mainiacjoe_overflow_catch_the_wave, minmay_temple_entry_wispy,
          minmay_misc_feat_square, nicolae_shop_gadgets, uniq_edmund
D:6:      layout_loops_ring
Temple:   bh_familiar_temple

Skill      XL: |  1  2 |
---------------+-------+-----
Invocations    | 1 |  1.4
Fighting       | 3 |  3.1
Dodging        | |  1.5
Stealth        | |  6.0
Unarmed Combat | |  2.6

Action                     || total
---------------------------++-------
  Melee: Unarmed           ||    63
         Bite              ||    20
         Punch             ||     2
    Use: Potion            ||     1
   Stab: Sleeping          ||     5
 Armour: Leather armour    ||    16
         Chain mail        ||     2
  Dodge: Dodged            ||    34

Table legend: (Time is in decaauts)
 A = Elapsed time spent in this place.
 B = Non-inter-level travel time spent in this place.
 C = Inter-level travel time spent in this place.
 D = Time resting spent in this place.
 E = Time spent auto-exploring this place.
 F = Levels seen in this place.
 G = Mean time per level.
                   A        B        C        D        E       F      G
               +--------+--------+--------+--------+--------+-----+--------+
         Total |    715 |    682 |     33 |    130 |    196 |   5 |  143.0 |
       Dungeon |    679 |    679 |      0 |    130 |    196 |   4 |  169.8 |
        Temple |     35 |      2 |     33 |      0 |      0 |   1 |   35.0 |
               +--------+--------+--------+--------+--------+-----+--------+

Top non-repeatable levels by time:
     D:4: 431 daAuts
     D:3: 155 daAuts
     D:5: 62 daAuts
  Temple: 35 daAuts
     D:6: 30 daAuts
